Blackhawks vs Red Wings

Created - 23 mars 2022 at 19:16

Goals
1 2 3 T
Blackhawks 0 1 0 1
Red Wings 2 0 3 5
Shots
1 2 3 T
Blackhawks 5 7 9 21
Red Wings 24 3 18 45

1st period

1. Red Wings , Duncan Keith 5 (Noel Acciari 14, Zach Aston-Reese 12) at 17:00
2. Red Wings , David Pastrnak 26 (Mark Scheifele 31) at 17:25 (PP)

Penalties :
Matt Benning (CHI) for Hooking (Minor) at 3:08, David Pastrnak (DET) for Tripping (Minor) at 6:07, Carson Soucy (CHI) for Roughing (Minor) at 17:03

2nd period

3. Blackhawks , Tyler Benson 3 (Michael Rasmussen 9, Anton Blidh 3) at 5:51

Penalties :
No Penalty

3rd period

4. Red Wings , David Pastrnak 27 (Mark Scheifele 32) at 8:01
5. Red Wings , John Tavares 24 (Oliver Bjorkstrand 26, Lars Eller 20) at 14:02 (PP)
6. Red Wings , Jujhar Khaira 8 (Zach Aston-Reese 13, Dylan DeMelo 17) at 14:46

Penalties :
Connor Brown (DET) for Hooking (Minor) at 4:24, Moritz Seider (CHI) for Roughing (Minor) at 13:13

Goalie Stats

Frederik Andersen (CHI), 40 saves from 45 shots - (0,889), L, 21-18-6, 60:00 minutes
Marc-Andre Fleury (DET), 20 saves from 21 shots - (0,952), W, 28-17-6, 60:00 minutes

Players Stats for Blackhawks

Player Name              G  A  P  +/- PIM S  H  SB GA TA FO     MP     PP MP  PK MP  
------------------------------------------------------------------------------------
Alex Formenton           0  0  0   0  0   0  3  0  0  0  0/0    15:07   0:00   2:22 
Anton Blidh              0  1  1   1  0   0  1  0  0  1  0/1    10:31   0:00   0:00 
Brock McGinn             0  0  0   0  0   0  0  0  0  0  0/0    15:16   1:48   0:48 
Carson Soucy             0  0  0   1  2   3  1  0  1  0  0/0    18:57   1:13   0:54 
Cody Eakin               0  0  0   0  0   2  0  0  0  0  5/12   15:16   0:03   2:22 
Derek Forbort            0  0  0  -2  0   1  0  0  0  1  0/0    20:19   0:00   2:16 
Kevin Hayes              0  0  0  -1  0   2  0  1  0  0  2/2    17:14   1:48   0:00 
Luke Kunin               0  0  0  -2  0   0  1  0  0  0  0/2    15:17   1:13   0:00 
Mark Stone               0  0  0  -1  0   5  0  0  1  0  1/3    17:44   2:07   0:00 
Matt Benning             0  0  0  -1  2   1  1  2  0  2  0/0    19:33   0:22   0:53 
Michael Rasmussen        0  1  1   1  0   0  0  0  0  0  1/3    10:40   0:03   0:00 
Mikael Backlund          0  0  0  -2  0   2  3  0  0  3  9/19   16:59   2:07   0:48 
Moritz Seider            0  0  0  -2  2   1  2  1  1  1  0/0    21:37   2:26   1:23 
Niko Mikkola             0  0  0   1  0   0  1  2  0  0  0/0    17:33   0:00   0:54 
Ryan Ellis               0  0  0  -1  0   0  0  2  0  1  0/0    20:43   2:45   0:00 
Tyler Benson             1  0  1   1  0   1  0  0  0  0  0/0    10:31   0:00   0:00 
Tyler Bertuzzi           0  0  0  -2  0   0  0  1  3  0  0/0    16:10   2:07   0:00 
Yanni Gourde             0  0  0  -1  0   3  1  0  0  0  10/20  17:20   1:48   0:00 

Players Stats for Red Wings

Player Name              G  A  P  +/- PIM S  H  SB GA TA FO     MP     PP MP  PK MP  
------------------------------------------------------------------------------------
Andreas Johnsson         0  0  0   0  0   0  1  0  1  0  0/0     8:04   0:00   0:00 
Anton Stralman           0  0  0  -1  0   1  0  1  0  1  0/0    17:29   0:00   0:00 
Connor Brown             0  0  0   1  2   0  1  0  1  0  0/0    18:41   1:56   0:00 
David Pastrnak           2  0  2   1  2   6  1  0  2  0  1/2    19:34   1:56   0:41 
Duncan Keith             1  0  1   1  0   2  1  1  0  1  0/0    22:09   1:53   2:12 
Dylan DeMelo             0  1  1   2  0   2  2  1  0  3  0/0    20:22   1:17   1:46 
Haydn Fleury             0  0  0  -1  0   0  1  0  0  0  0/0    17:29   0:00   0:00 
Jeff Petry               0  0  0   1  0   2  2  1  0  1  0/0    22:09   1:53   2:12 
John Tavares             1  0  1  -1  0   6  2  0  1  0  7/8    17:14   1:14   0:33 
Jujhar Khaira            1  0  1   2  0   6  1  0  1  0  0/0    12:23   0:00   0:00 
Lars Eller               0  1  1  -1  0   2  1  0  0  0  0/0    17:39   1:14   0:46 
Mark Scheifele           0  2  2   1  0   6  0  0  1  0  18/35  18:35   1:56   0:00 
Nico Sturm               0  0  0   0  0   2  2  0  0  0  0/3     9:58   0:00   1:54 
Noel Acciari             0  1  1   2  0   3  1  1  1  0  7/12   14:18   0:00   1:55 
Oliver Bjorkstrand       0  1  1  -1  0   3  2  0  1  0  1/1    16:41   1:14   0:00 
Pat Maroon               0  0  0   0  0   2  0  0  0  0  0/0     8:37   0:00   0:33 
Troy Stecher             0  0  0   2  0   1  1  0  0  0  0/0    20:22   1:17   1:46 
Zach Aston-Reese         0  2  2   2  0   1  1  0  0  0  0/1    14:16   0:00   1:34 

3 Stars

1 - David Pastrnak (DET)
2 - Zach Aston-Reese (DET)
3 - Jujhar Khaira (DET)

Power Play

Blackhawks - 0 on 2 Attempt(s) - 0,00%
Red Wings - 2 on 3 Attempt(s) - 66,67%

Penalty Kill

Blackhawks - 1 on 3 Attempt(s) - 33,33% - Score 0 goal in Penalty Kill
Red Wings - 2 on 2 Attempt(s) - 100,00% - Score 0 goal in Penalty Kill

Team Stat

Blackhawks - Hits : 14 - Faceoff Wins : 28 - Blocked Shots : 9 - Penalty Minutes : 6
Red Wings - Hits : 20 - Faceoff Wins : 34 - Blocked Shots : 5 - Penalty Minutes : 4

Official

Referees : Dave Lewis and Kyle Rehman
Linesman : Scott Driscoll and Jim Harper

Game Notes

15:59 of 1st period - Red Wings goal is going for a video replay. After video review, No Goal. The net was displaced accidentally.
8:01 of 3rd period - Red Wings goal is going for a video replay. After video review, Goal.

Finance

Level 1 -- Attendance: 3976 (66,27%) -- Ticket Income 516 880 $
Level 2 -- Attendance: 3142 (62,84%) -- Ticket Income 267 070 $
Level 3 -- Attendance: 1377 (68,85%) -- Ticket Income 68 850 $
Level 4 -- Attendance: 3526 (88,15%) -- Ticket Income 88 150 $
Luxury Box -- Attendance: 591 (59,10%) -- Ticket Income 147 750 $
Game was played at the Octopus Arena.
Total Attendance: 12612 (70,07%)
Total Ticket Income: 1 088 700 $
Other Income: 533 463 $
Total Income: 1 622 163 $

Blackhawks

5 vs 5 Forward 
   Center                   Left Wing                Right Wing               Time % Phy DF OF 
 1 Yanni Gourde             Kevin Hayes              Mark Stone               34     0   2  3  
 2 Mikael Backlund          Tyler Bertuzzi           Luke Kunin               31     1   2  2  
 3 Cody Eakin               Alex Formenton           Brock McGinn             25     1   3  1  
 4 Michael Rasmussen        Tyler Benson             Anton Blidh              10     2   2  1  

5 vs 5 Defense 
   Defense                  Defense                                           Time % Phy DF OF 
 1 Derek Forbort            Moritz Seider                                     35     1   2  2  
 2 Ryan Ellis               Matt Benning                                      33     1   3  1  
 3 Carson Soucy             Niko Mikkola                                      32     2   2  1  
 4 Moritz Seider            Ryan Ellis                                        0      1   2  2  

PowerPlay Forward 
   Center                   Left Wing                Right Wing               Time % Phy DF OF 
 1 Mikael Backlund          Tyler Bertuzzi           Mark Stone               60     0   0  5  
 2 Kevin Hayes              Yanni Gourde             Brock McGinn             40     0   0  5  

PowerPlay Defense
   Defense                  Defense                                           Time % Phy DF OF 
 1 Moritz Seider            Ryan Ellis                                        70     0   0  5  
 2 Carson Soucy             Luke Kunin                                        30     0   0  5  

Penalty Kill 4 Players Forward 
   Center                   Wing                     Time % Phy DF OF 
 1 Cody Eakin               Alex Formenton           60     1   3  1  
 2 Mikael Backlund          Brock McGinn             40     1   3  1  

Penalty Kill 4 Players Defense
   Defense                  Defense                  Time % Phy DF OF 
 1 Derek Forbort            Matt Benning             60     1   3  1  
 2 Carson Soucy             Niko Mikkola             40     1   3  1  

Penalty Kill - 3 Players Forward 
   Forward                                           Time % Phy DF OF 
 1 Cody Eakin                                        60     1   3  1  
 2 Mikael Backlund                                   40     1   3  1  

Penalty Kill - 3 Players Defense
   Defense                  Defense                  Time % Phy DF OF 
 1 Niko Mikkola             Matt Benning             60     1   3  1  
 2 Derek Forbort            Carson Soucy             40     1   3  1  

4 vs 4 Forward 
   Center                   Wing                     Time % Phy DF OF 
 1 Mikael Backlund          Mark Stone               60     1   2  2  
 2 Yanni Gourde             Tyler Bertuzzi           40     1   2  2  

4 vs 4 Defense
   Defense                  Defense                  Time % Phy DF OF 
 1 Carson Soucy             Ryan Ellis               60     1   2  2  
 2 Derek Forbort            Moritz Seider            40     1   2  2  

Last Minutes Offensive
   Center                   Left Wing                Right Wing               Defense                  Defense                  
   Mikael Backlund          Tyler Bertuzzi           Mark Stone               Ryan Ellis               Moritz Seider            

Last Minutes Defensive
   Center                   Left Wing                Right Wing               Defense                  Defense                  
   Cody Eakin               Brock McGinn             Yanni Gourde             Niko Mikkola             Derek Forbort            

Goaltenders
Starting : Frederik Andersen        
Backup : David Rittich            

Extra Forwards
Normal : Mark Stone, Yanni Gourde, Tyler Bertuzzi - PP : Tyler Bertuzzi, Kevin Hayes - PK : Brock McGinn
Extra Defensemen
Normal : Ryan Ellis, Moritz Seider, Carson Soucy - PP : Moritz Seider - PK : Derek Forbort, Matt Benning
Penalty Shots
Brock McGinn, Kevin Hayes, Ryan Ellis, Tyler Benson, Tyler Bertuzzi
Custom OT Lines Forwards
Mark Stone, Mikael Backlund, Yanni Gourde, Tyler Bertuzzi, Kevin Hayes, Luke Kunin, Alex Formenton, Brock McGinn, Cody Eakin, Michael Rasmussen
Custom OT Lines Defensemen
Moritz Seider, Ryan Ellis, Derek Forbort, Carson Soucy, Matt Benning

Scratches
None

Red Wings

5 vs 5 Forward 
   Center                   Left Wing                Right Wing               Time % Phy DF OF 
 1 Mark Scheifele           David Pastrnak           Connor Brown             36     0   2  3  
 2 John Tavares             Lars Eller               Oliver Bjorkstrand       30     1   2  2  
 3 Noel Acciari             Jujhar Khaira            Zach Aston-Reese         24     0   3  2  
 4 Nico Sturm               Pat Maroon               Andreas Johnsson         10     1   2  2  

5 vs 5 Defense 
   Defense                  Defense                                           Time % Phy DF OF 
 1 Duncan Keith             Jeff Petry                                        34     1   2  2  
 2 Dylan DeMelo             Troy Stecher                                      33     1   2  2  
 3 Anton Stralman           Haydn Fleury                                      33     1   2  2  
 4 Duncan Keith             Jeff Petry                                        0      1   2  2  

PowerPlay Forward 
   Center                   Left Wing                Right Wing               Time % Phy DF OF 
 1 Mark Scheifele           David Pastrnak           Connor Brown             60     1   2  2  
 2 John Tavares             Lars Eller               Oliver Bjorkstrand       40     1   2  2  

PowerPlay Defense
   Defense                  Defense                                           Time % Phy DF OF 
 1 Duncan Keith             Jeff Petry                                        60     1   2  2  
 2 Dylan DeMelo             Troy Stecher                                      40     1   2  2  

Penalty Kill 4 Players Forward 
   Center                   Wing                     Time % Phy DF OF 
 1 Noel Acciari             Nico Sturm               60     1   2  2  
 2 Zach Aston-Reese         Lars Eller               40     1   2  2  

Penalty Kill 4 Players Defense
   Defense                  Defense                  Time % Phy DF OF 
 1 Duncan Keith             Jeff Petry               60     1   2  2  
 2 Dylan DeMelo             Troy Stecher             40     1   2  2  

Penalty Kill - 3 Players Forward 
   Forward                                           Time % Phy DF OF 
 1 Noel Acciari                                      60     1   2  2  
 2 Connor Brown                                      40     1   2  2  

Penalty Kill - 3 Players Defense
   Defense                  Defense                  Time % Phy DF OF 
 1 Duncan Keith             Jeff Petry               60     1   2  2  
 2 Dylan DeMelo             Troy Stecher             40     1   2  2  

4 vs 4 Forward 
   Center                   Wing                     Time % Phy DF OF 
 1 Mark Scheifele           John Tavares             60     1   2  2  
 2 David Pastrnak           Connor Brown             40     1   2  2  

4 vs 4 Defense
   Defense                  Defense                  Time % Phy DF OF 
 1 Duncan Keith             Jeff Petry               60     1   2  2  
 2 Dylan DeMelo             Troy Stecher             40     1   2  2  

Last Minutes Offensive
   Center                   Left Wing                Right Wing               Defense                  Defense                  
   Mark Scheifele           David Pastrnak           Connor Brown             Duncan Keith             Jeff Petry               

Last Minutes Defensive
   Center                   Left Wing                Right Wing               Defense                  Defense                  
   Mark Scheifele           David Pastrnak           Connor Brown             Duncan Keith             Jeff Petry               

Goaltenders
Starting : Marc-Andre Fleury        
Backup : Mikko Koskinen           

Extra Forwards
Normal : Jujhar Khaira, Noel Acciari, Zach Aston-Reese - PP : Jujhar Khaira, Noel Acciari - PK : Zach Aston-Reese
Extra Defensemen
Normal : Anton Stralman, Haydn Fleury, Dylan DeMelo - PP : Anton Stralman - PK : Haydn Fleury, Dylan DeMelo
Penalty Shots
Mark Scheifele, John Tavares, David Pastrnak, Connor Brown, Lars Eller
Custom OT Lines Forwards
Mark Scheifele, John Tavares, David Pastrnak, Connor Brown, Lars Eller, Oliver Bjorkstrand, Jujhar Khaira, Noel Acciari, Zach Aston-Reese, Andreas Johnsson
Custom OT Lines Defensemen
Duncan Keith, Jeff Petry, Dylan DeMelo, Troy Stecher, Anton Stralman

Scratches
Zemgus Girgensons (Right Foot Injury)

% Time on Ice - Blackhawks

Lines # - Real PCT - Wanted PCT - Time Play
Normal Forward
1 - 30% - 34% - 15:43
2 - 26% - 31% - 13:53
3 - 24% - 25% - 12:45
4 - 20% - 10% - 10:31
Normal Defense
1 - 34% - 35% - 18:14
2 - 34% - 33% - 17:59
3 - 31% - 32% - 16:39
4 - 0% - 0% - 0:00
PP Forward
1 - 55% - 60% - 2:10
2 - 45% - 40% - 1:48
PP Defense
1 - 69% - 70% - 2:45
2 - 31% - 30% - 1:13
PK Forward
1 - 75% - 60% - 2:22
2 - 25% - 40% - 0:48
PK Defense
1 - 72% - 60% - 2:16
2 - 28% - 40% - 0:54
PK3 Forward
1 - 0% - 60%
2 - 0% - 40%
PK3 Defense
1 - 0% - 60%
2 - 0% - 40%
44 Forward
1 - 0% - 60%
2 - 0% - 40%
44 Defense
1 - 0% - 60%
2 - 0% - 40%
Last Minute Offensive  - 0:00
Last Minute Defensive  - 0:00
Total
Forward - 60:00
Defense - 60:00

% Time on Ice - Red Wings

Lines # - Real PCT - Wanted PCT - Time Play
Normal Forward
1 - 32% - 36% - 16:46
2 - 30% - 30% - 15:39
3 - 23% - 24% - 12:23
4 - 15% - 10% - 8:04
Normal Defense
1 - 34% - 34% - 18:04
2 - 33% - 33% - 17:19
3 - 33% - 33% - 17:29
4 - 0% - 0% - 0:00
PP Forward
1 - 61% - 60% - 1:56
2 - 39% - 40% - 1:14
PP Defense
1 - 59% - 60% - 1:53
2 - 41% - 40% - 1:17
PK Forward
1 - 81% - 60% - 3:12
2 - 19% - 40% - 0:46
PK Defense
1 - 55% - 60% - 2:12
2 - 45% - 40% - 1:46
PK3 Forward
1 - 0% - 60%
2 - 0% - 40%
PK3 Defense
1 - 0% - 60%
2 - 0% - 40%
44 Forward
1 - 0% - 60%
2 - 0% - 40%
44 Defense
1 - 0% - 60%
2 - 0% - 40%
Last Minute Offensive  - 0:00
Last Minute Defensive  - 0:00
Total
Forward - 60:00
Defense - 60:00

Play-by-Play

1st period


0:01 of 1st period - Kevin Hayes wins face-off versus Mark Scheifele in neutral zone.
0:14 of 1st period - Snap shot by Mark Stone.
0:14 of 1st period - Stopped by Marc-Andre Fleury without a rebound.
0:15 of 1st period - Mikael Backlund wins face-off versus John Tavares in Red Wings zone.
0:20 of 1st period - Tyler Bertuzzi is hit by Lars Eller and loses puck.
0:40 of 1st period - Dylan DeMelo is hit by Alex Formenton and loses puck.
1:05 of 1st period - Snap shot by Nico Sturm.
1:05 of 1st period - Stopped by Frederik Andersen with a rebound.
1:11 of 1st period - Nico Sturm is hit by Anton Blidh and loses puck.
1:22 of 1st period - Mark Stone is hit by Connor Brown and loses puck.
1:45 of 1st period - Snap shot by Mark Stone.
1:45 of 1st period - Stopped by Marc-Andre Fleury with a rebound.
2:24 of 1st period - Snap shot by Mark Scheifele.
2:24 of 1st period - Stopped by Frederik Andersen without a rebound.
2:25 of 1st period - Mark Scheifele wins face-off versus Mark Stone in Blackhawks zone.
2:58 of 1st period - Snap shot by John Tavares.
2:58 of 1st period - Stopped by Frederik Andersen with a rebound.
3:00 of 1st period - Wrist shot by Duncan Keith.
3:00 of 1st period - Shot Misses the Net.
3:02 of 1st period - Snap shot by John Tavares.
3:02 of 1st period - Shot Misses the Net.
3:08 of 1st period - Minor Penalty to Matt Benning for Hooking.
3:09 of 1st period - Cody Eakin wins face-off versus David Pastrnak in Blackhawks zone.
3:20 of 1st period - Wrist shot by David Pastrnak.
3:20 of 1st period - Deflect By Mark Scheifele.
3:20 of 1st period - Stopped by Frederik Andersen without a rebound.
3:21 of 1st period - Cody Eakin wins face-off versus Mark Scheifele in Blackhawks zone.
3:54 of 1st period - Snap shot by Oliver Bjorkstrand.
3:54 of 1st period - Stopped by Frederik Andersen without a rebound.
3:55 of 1st period - Mark Scheifele wins face-off versus Mikael Backlund in Blackhawks zone.
4:16 of 1st period - Alex Formenton is hit by Dylan DeMelo and loses puck.
5:08 of 1st period - Penalty to Matt Benning is over, Matt Benning is back on ice.
5:20 of 1st period - Yanni Gourde is hit by Jeff Petry.
5:36 of 1st period - Wrist shot by Tyler Benson.
5:36 of 1st period - Shot Misses the Net.
6:04 of 1st period - Slapshot by Matt Benning.
6:04 of 1st period - Stopped by Marc-Andre Fleury without a rebound.
6:05 of 1st period - Mark Scheifele wins face-off versus Cody Eakin in Red Wings zone.
6:07 of 1st period - Minor Penalty to David Pastrnak for Tripping.
6:08 of 1st period - Noel Acciari wins face-off versus Mikael Backlund in Red Wings zone.
6:41 of 1st period - Snap shot by Lars Eller.
6:41 of 1st period - Shot Blocked by Ryan Ellis.
6:43 of 1st period - Slapshot by Duncan Keith.
6:43 of 1st period - Deflect By Moritz Seider.
6:43 of 1st period - Stopped by Frederik Andersen with a rebound.
6:45 of 1st period - Slapshot by Lars Eller.
6:45 of 1st period - Shot Misses the Net.
6:53 of 1st period - Snap shot by Lars Eller.
6:53 of 1st period - Stopped by Frederik Andersen with a rebound.
7:56 of 1st period - Pat Maroon is hit by Moritz Seider.
8:07 of 1st period - Penalty to David Pastrnak is over, David Pastrnak is back on ice.
9:36 of 1st period - Wrist shot by Mark Scheifele.
9:36 of 1st period - Stopped by Frederik Andersen without a rebound.
9:37 of 1st period - Yanni Gourde wins face-off versus Mark Scheifele in Blackhawks zone.
9:42 of 1st period - Wrist shot by Mark Stone.
9:42 of 1st period - Shot Blocked by Duncan Keith.
9:44 of 1st period - Snap shot by Kevin Hayes.
9:44 of 1st period - Stopped by Marc-Andre Fleury with a rebound.
10:02 of 1st period - Snap shot by John Tavares.
10:02 of 1st period - Stopped by Frederik Andersen with a rebound.
10:04 of 1st period - Slapshot by Duncan Keith.
10:04 of 1st period - Shot Blocked by Matt Benning.
10:06 of 1st period - Wrist shot by Jeff Petry.
10:06 of 1st period - Shot Blocked by Matt Benning.
11:01 of 1st period - Snap shot by Pat Maroon.
11:01 of 1st period - Stopped by Frederik Andersen with a rebound.
11:38 of 1st period - Wrist shot by Noel Acciari.
11:38 of 1st period - Stopped by Frederik Andersen with a rebound.
11:46 of 1st period - Wrist shot by Noel Acciari.
11:46 of 1st period - Shot Misses the Net.
11:58 of 1st period - Ryan Ellis is hit by Jeff Petry and loses puck.
12:04 of 1st period - Icing by Matt Benning.
12:05 of 1st period - David Pastrnak wins face-off versus Michael Rasmussen in Blackhawks zone.
12:08 of 1st period - Slapshot by Mark Scheifele.
12:08 of 1st period - Stopped by Frederik Andersen with a rebound.
12:10 of 1st period - Snap shot by Connor Brown.
12:10 of 1st period - Deflect By David Pastrnak.
12:10 of 1st period - Stopped by Frederik Andersen without a rebound.
12:11 of 1st period - Mikael Backlund wins face-off versus Mark Scheifele in Blackhawks zone.
12:11 of 1st period - Mikael Backlund is hit by Haydn Fleury.
12:23 of 1st period - Snap shot by Mark Scheifele.
12:23 of 1st period - Stopped by Frederik Andersen with a rebound.
12:25 of 1st period - Slapshot by Haydn Fleury.
12:25 of 1st period - Deflect By Mark Scheifele.
12:25 of 1st period - Shot Misses the Net.
12:25 of 1st period - Puck is out of play.
12:26 of 1st period - John Tavares wins face-off versus Yanni Gourde in Blackhawks zone.
12:55 of 1st period - Snap shot by Zach Aston-Reese.
12:55 of 1st period - Shot Blocked by Kevin Hayes.
14:16 of 1st period - Slapshot by Jeff Petry.
14:16 of 1st period - Stopped by Frederik Andersen with a rebound.
14:24 of 1st period - Snap shot by Noel Acciari.
14:24 of 1st period - Deflect By Tyler Bertuzzi.
14:24 of 1st period - Shot Blocked by Tyler Bertuzzi.
14:24 of 1st period - Puck is out of play.
14:25 of 1st period - Mark Scheifele wins face-off versus Yanni Gourde in Blackhawks zone.
14:28 of 1st period - Snap shot by Mark Scheifele.
14:28 of 1st period - Shot Misses the Net.
14:30 of 1st period - Slapshot by Dylan DeMelo.
14:30 of 1st period - Stopped by Frederik Andersen with a rebound.
14:32 of 1st period - Wrist shot by Connor Brown.
14:32 of 1st period - Shot Blocked by Ryan Ellis.
15:09 of 1st period - Icing by Tyler Bertuzzi.
15:10 of 1st period - Noel Acciari wins face-off versus Cody Eakin in Blackhawks zone.
15:11 of 1st period - Snap shot by Jujhar Khaira.
15:11 of 1st period - Stopped by Frederik Andersen with a rebound.
15:19 of 1st period - Snap shot by Cody Eakin.
15:19 of 1st period - Shot Misses the Net.
15:21 of 1st period - Wrist shot by Ryan Ellis.
15:21 of 1st period - Deflect By Brock McGinn.
15:21 of 1st period - Shot Misses the Net.
15:21 of 1st period - Puck is out of play.
15:22 of 1st period - Mark Scheifele wins face-off versus Yanni Gourde in Red Wings zone.
15:27 of 1st period - Snap shot by Kevin Hayes.
15:27 of 1st period - Shot Blocked by Jeff Petry.
15:39 of 1st period - Wrist shot by Yanni Gourde.
15:39 of 1st period - Deflect By Mark Scheifele.
15:39 of 1st period - Stopped by Marc-Andre Fleury without a rebound.
15:40 of 1st period - John Tavares wins face-off versus Mikael Backlund in Red Wings zone.
15:49 of 1st period - Snap shot by Oliver Bjorkstrand.
15:49 of 1st period - Stopped by Frederik Andersen without a rebound.
15:50 of 1st period - Oliver Bjorkstrand wins face-off versus Mikael Backlund in Blackhawks zone.
15:53 of 1st period - Snap shot by John Tavares.
15:53 of 1st period - Stopped by Frederik Andersen with a rebound.
15:55 of 1st period - Snap shot by Lars Eller.
15:55 of 1st period - Stopped by Frederik Andersen with a rebound.
15:57 of 1st period - Slapshot by Dylan DeMelo.
15:57 of 1st period - Stopped by Frederik Andersen with a rebound.
15:59 of 1st period - Wrist shot by John Tavares.
15:59 of 1st period - Red Wings goal is going for a video replay.
15:59 of 1st period - The goal is refused. The net was displaced accidentally..
16:00 of 1st period - Yanni Gourde wins face-off versus Mark Scheifele in Blackhawks zone.
16:27 of 1st period - Duncan Keith is hit by Alex Formenton and loses puck.
16:58 of 1st period - Slapshot by Noel Acciari.
16:58 of 1st period - Shot Misses the Net.
17:00 of 1st period - Slapshot by Duncan Keith.
17:00 of 1st period - Goal by Duncan Keith - Blackhawks : 0 - Red Wings : 1.
17:01 of 1st period - Yanni Gourde wins face-off versus Mark Scheifele in neutral zone.
17:03 of 1st period - Minor Penalty to Carson Soucy for Roughing.
17:04 of 1st period - Mark Scheifele wins face-off versus Cody Eakin in Blackhawks zone.
17:13 of 1st period - Icing by Duncan Keith.
17:14 of 1st period - Mark Scheifele wins face-off versus Cody Eakin in Red Wings zone.
17:25 of 1st period - Snap shot by David Pastrnak.
17:25 of 1st period - Goal by David Pastrnak - Blackhawks : 0 - Red Wings : 2.
17:26 of 1st period - Mark Scheifele wins face-off versus Yanni Gourde in neutral zone.
17:29 of 1st period - Mark Stone is hit by Dylan DeMelo and loses puck.
17:38 of 1st period - David Pastrnak is hit by Niko Mikkola.
19:39 of 1st period - Nico Sturm is hit by Alex Formenton and loses puck.
19:57 of 1st period - Off-side.
19:58 of 1st period - Michael Rasmussen wins face-off versus Noel Acciari in neutral zone.
Goals for this period are 0 for Blackhawks vs 2 for Red Wings.
Shots for this period are 5 for Blackhawks vs 24 for Red Wings.

2nd period


0:01 of 2nd period - Mark Scheifele wins face-off versus Yanni Gourde in neutral zone.
0:48 of 2nd period - Icing by Derek Forbort.
0:49 of 2nd period - John Tavares wins face-off versus Cody Eakin in Blackhawks zone.
1:14 of 2nd period - Backhand shot by Moritz Seider.
1:14 of 2nd period - Shot Misses the Net.
1:16 of 2nd period - Wrist shot by Alex Formenton.
1:16 of 2nd period - Shot Misses the Net.
1:18 of 2nd period - Slapshot by Moritz Seider.
1:18 of 2nd period - Stopped by Marc-Andre Fleury without a rebound.
1:19 of 2nd period - Noel Acciari wins face-off versus Mikael Backlund in Red Wings zone.
1:19 of 2nd period - Noel Acciari is hit by Mikael Backlund.
1:59 of 2nd period - Snap shot by Mark Stone.
1:59 of 2nd period - Stopped by Marc-Andre Fleury with a rebound.
2:09 of 2nd period - Carson Soucy is hit by Andreas Johnsson and loses puck.
2:54 of 2nd period - Wrist shot by Noel Acciari.
2:54 of 2nd period - Shot Misses the Net.
3:52 of 2nd period - Off-side.
3:53 of 2nd period - John Tavares wins face-off versus Michael Rasmussen in neutral zone.
5:29 of 2nd period - Wrist shot by Lars Eller.
5:29 of 2nd period - Shot Misses the Net.
5:31 of 2nd period - Slapshot by Lars Eller.
5:31 of 2nd period - Shot Misses the Net.
5:51 of 2nd period - Slapshot by Tyler Benson.
5:51 of 2nd period - Goal by Tyler Benson - Blackhawks : 1 - Red Wings : 2.
5:52 of 2nd period - Mark Scheifele wins face-off versus Yanni Gourde in neutral zone.
6:23 of 2nd period - Snap shot by Nico Sturm.
6:23 of 2nd period - Stopped by Frederik Andersen without a rebound.
6:24 of 2nd period - Mikael Backlund wins face-off versus Nico Sturm in Blackhawks zone.
6:31 of 2nd period - Snap shot by Mikael Backlund.
6:31 of 2nd period - Shot Misses the Net.
6:33 of 2nd period - Wrist shot by Mikael Backlund.
6:33 of 2nd period - Shot Misses the Net.
6:35 of 2nd period - Slapshot by Derek Forbort.
6:35 of 2nd period - Stopped by Marc-Andre Fleury with a rebound.
7:09 of 2nd period - Icing by Brock McGinn.
7:10 of 2nd period - Cody Eakin wins face-off versus Noel Acciari in Blackhawks zone.
7:19 of 2nd period - Snap shot by Mikael Backlund.
7:19 of 2nd period - Shot Blocked by Noel Acciari.
8:17 of 2nd period - Noel Acciari is hit by Mikael Backlund and loses puck.
10:04 of 2nd period - Snap shot by Yanni Gourde.
10:04 of 2nd period - Deflect By Jujhar Khaira.
10:04 of 2nd period - Shot Hit the Post.
10:04 of 2nd period - Puck is out of play.
10:05 of 2nd period - Mark Scheifele wins face-off versus Mikael Backlund in Red Wings zone.
10:20 of 2nd period - Snap shot by David Pastrnak.
10:20 of 2nd period - Stopped by Frederik Andersen without a rebound.
10:21 of 2nd period - Yanni Gourde wins face-off versus Noel Acciari in Blackhawks zone.
10:25 of 2nd period - Off-side.
10:26 of 2nd period - Yanni Gourde wins face-off versus Zach Aston-Reese in neutral zone.
11:10 of 2nd period - Off-side.
11:11 of 2nd period - Mikael Backlund wins face-off versus Mark Scheifele in neutral zone.
11:18 of 2nd period - Wrist shot by Mikael Backlund.
11:18 of 2nd period - Stopped by Marc-Andre Fleury with a rebound.
11:45 of 2nd period - Slapshot by John Tavares.
11:45 of 2nd period - Shot Misses the Net.
12:23 of 2nd period - Wrist shot by David Pastrnak.
12:23 of 2nd period - Shot Blocked by Niko Mikkola.
12:42 of 2nd period - Off-side.
12:43 of 2nd period - Mikael Backlund wins face-off versus Noel Acciari in neutral zone.
12:50 of 2nd period - Wrist shot by Tyler Bertuzzi.
12:50 of 2nd period - Shot Misses the Net.
12:58 of 2nd period - Snap shot by Mikael Backlund.
12:58 of 2nd period - Shot Misses the Net.
14:41 of 2nd period - Slapshot by Matt Benning.
14:41 of 2nd period - Shot Blocked by Dylan DeMelo.
14:43 of 2nd period - Slapshot by Ryan Ellis.
14:43 of 2nd period - Shot Misses the Net.
15:06 of 2nd period - Snap shot by John Tavares.
15:06 of 2nd period - Shot Misses the Net.
15:25 of 2nd period - Mikael Backlund is hit by Nico Sturm and loses puck.
15:40 of 2nd period - Mark Stone is hit by Noel Acciari and loses puck.
16:01 of 2nd period - Niko Mikkola is hit by Duncan Keith and loses puck.
16:44 of 2nd period - Luke Kunin is hit by Troy Stecher and loses puck.
17:48 of 2nd period - Brock McGinn is hit by John Tavares and loses puck.
18:01 of 2nd period - Wrist shot by Mark Stone.
18:01 of 2nd period - Stopped by Marc-Andre Fleury without a rebound.
18:02 of 2nd period - Yanni Gourde wins face-off versus Nico Sturm in Red Wings zone.
18:09 of 2nd period - Slapshot by Yanni Gourde.
18:09 of 2nd period - Stopped by Marc-Andre Fleury without a rebound.
18:10 of 2nd period - Mikael Backlund wins face-off versus Mark Scheifele in Red Wings zone.
18:57 of 2nd period - Wrist shot by Zach Aston-Reese.
18:57 of 2nd period - Deflect By Noel Acciari.
18:57 of 2nd period - Shot Misses the Net.
18:57 of 2nd period - Puck is out of play.
18:58 of 2nd period - Noel Acciari wins face-off versus Cody Eakin in Blackhawks zone.
19:05 of 2nd period - Wrist shot by Jujhar Khaira.
19:05 of 2nd period - Shot Misses the Net.
19:11 of 2nd period - Slapshot by Zach Aston-Reese.
19:11 of 2nd period - Shot Misses the Net.
19:13 of 2nd period - Slapshot by Haydn Fleury.
19:13 of 2nd period - Deflect By Noel Acciari.
19:13 of 2nd period - Deflect By Brock McGinn.
19:13 of 2nd period - Stopped by Frederik Andersen with a rebound.
Goals for this period are 1 for Blackhawks vs 0 for Red Wings.
Shots for this period are 7 for Blackhawks vs 3 for Red Wings.

3rd period


0:01 of 3rd period - Mark Scheifele wins face-off versus Mikael Backlund in neutral zone.
0:50 of 3rd period - Slapshot by Ryan Ellis.
0:50 of 3rd period - Deflect By Cody Eakin.
0:50 of 3rd period - Stopped by Marc-Andre Fleury with a rebound.
1:38 of 3rd period - Snap shot by Mikael Backlund.
1:38 of 3rd period - Stopped by Marc-Andre Fleury without a rebound.
1:39 of 3rd period - John Tavares wins face-off versus Yanni Gourde in Red Wings zone.
1:44 of 3rd period - Kevin Hayes is hit by Oliver Bjorkstrand and loses puck.
1:51 of 3rd period - Snap shot by Oliver Bjorkstrand.
1:51 of 3rd period - Shot Blocked by Moritz Seider.
2:29 of 3rd period - Cody Eakin is hit by Jujhar Khaira and loses puck.
2:36 of 3rd period - Snap shot by Jujhar Khaira.
2:36 of 3rd period - Stopped by Frederik Andersen with a rebound.
3:16 of 3rd period - Mark Stone is hit by Oliver Bjorkstrand and loses puck.
3:20 of 3rd period - Icing by Niko Mikkola.
3:21 of 3rd period - Mark Scheifele wins face-off versus Yanni Gourde in Blackhawks zone.
3:58 of 3rd period - Oliver Bjorkstrand is hit by Luke Kunin and loses puck.
4:21 of 3rd period - Snap shot by Cody Eakin.
4:21 of 3rd period - Stopped by Marc-Andre Fleury without a rebound.
4:22 of 3rd period - Mark Scheifele wins face-off versus Yanni Gourde in Red Wings zone.
4:24 of 3rd period - Minor Penalty to Connor Brown for Hooking.
4:25 of 3rd period - Noel Acciari wins face-off versus Mikael Backlund in Red Wings zone.
4:45 of 3rd period - Noel Acciari is hit by Moritz Seider and loses puck.
6:24 of 3rd period - Penalty to Connor Brown is over, Connor Brown is back on ice.
6:35 of 3rd period - Icing by John Tavares.
6:36 of 3rd period - John Tavares wins face-off versus Anton Blidh in Red Wings zone.
6:58 of 3rd period - Anton Stralman is hit by Carson Soucy and loses puck.
7:45 of 3rd period - Snap shot by Oliver Bjorkstrand.
7:45 of 3rd period - Stopped by Frederik Andersen without a rebound.
7:46 of 3rd period - Mark Scheifele wins face-off versus Luke Kunin in Blackhawks zone.
7:59 of 3rd period - Wrist shot by Mark Scheifele.
7:59 of 3rd period - Stopped by Frederik Andersen with a rebound.
8:01 of 3rd period - Wrist shot by David Pastrnak.
8:01 of 3rd period - Red Wings goal is going for a video replay.
8:01 of 3rd period - The goal is good.
8:01 of 3rd period - Goal by David Pastrnak - Blackhawks : 1 - Red Wings : 3.
8:02 of 3rd period - Mark Scheifele wins face-off versus Yanni Gourde in neutral zone.
8:13 of 3rd period - Slapshot by David Pastrnak.
8:13 of 3rd period - Stopped by Frederik Andersen without a rebound.
8:14 of 3rd period - Mark Scheifele wins face-off versus Luke Kunin in Blackhawks zone.
8:29 of 3rd period - Backhand shot by David Pastrnak.
8:29 of 3rd period - Shot Misses the Net.
8:31 of 3rd period - Snap shot by Troy Stecher.
8:31 of 3rd period - Stopped by Frederik Andersen without a rebound.
8:32 of 3rd period - Noel Acciari wins face-off versus Mark Stone in Blackhawks zone.
8:33 of 3rd period - Slapshot by Zach Aston-Reese.
8:33 of 3rd period - Deflect By Jujhar Khaira.
8:33 of 3rd period - Stopped by Frederik Andersen with a rebound.
8:35 of 3rd period - Wrist shot by Jeff Petry.
8:35 of 3rd period - Shot Hit the Post.
8:37 of 3rd period - Wrist shot by Noel Acciari.
8:37 of 3rd period - Stopped by Frederik Andersen without a rebound.
8:38 of 3rd period - Yanni Gourde wins face-off versus Noel Acciari in Blackhawks zone.
8:45 of 3rd period - Snap shot by Yanni Gourde.
8:45 of 3rd period - Stopped by Marc-Andre Fleury with a rebound.
9:10 of 3rd period - Slapshot by Jeff Petry.
9:10 of 3rd period - Stopped by Frederik Andersen with a rebound.
9:52 of 3rd period - Brock McGinn is hit by Nico Sturm and loses puck.
10:41 of 3rd period - Snap shot by Mark Scheifele.
10:41 of 3rd period - Shot Misses the Net.
10:43 of 3rd period - Slapshot by Dylan DeMelo.
10:43 of 3rd period - Deflect By Connor Brown.
10:43 of 3rd period - Shot Misses the Net.
10:43 of 3rd period - Puck is out of play.
10:44 of 3rd period - Cody Eakin wins face-off versus Mark Scheifele in Blackhawks zone.
10:49 of 3rd period - Wrist shot by Mark Scheifele.
10:49 of 3rd period - Shot Misses the Net.
10:51 of 3rd period - Slapshot by Anton Stralman.
10:51 of 3rd period - Stopped by Frederik Andersen with a rebound.
10:53 of 3rd period - Slapshot by Connor Brown.
10:53 of 3rd period - Shot Blocked by Niko Mikkola.
10:55 of 3rd period - Snap shot by David Pastrnak.
10:55 of 3rd period - Stopped by Frederik Andersen without a rebound.
10:56 of 3rd period - Mark Stone wins face-off versus Mark Scheifele in Blackhawks zone.
11:23 of 3rd period - Haydn Fleury is hit by Mikael Backlund and loses puck.
11:54 of 3rd period - Snap shot by Pat Maroon.
11:54 of 3rd period - Stopped by Frederik Andersen with a rebound.
11:56 of 3rd period - Wrist shot by Pat Maroon.
11:56 of 3rd period - Shot Misses the Net.
12:51 of 3rd period - Icing by Duncan Keith.
12:52 of 3rd period - Noel Acciari wins face-off versus Mikael Backlund in Red Wings zone.
13:13 of 3rd period - Minor Penalty to Moritz Seider for Roughing.
13:14 of 3rd period - Cody Eakin wins face-off versus Mark Scheifele in Blackhawks zone.
13:27 of 3rd period - Backhand shot by Mark Scheifele.
13:27 of 3rd period - Shot Misses the Net.
13:44 of 3rd period - Slapshot by John Tavares.
13:44 of 3rd period - Stopped by Frederik Andersen without a rebound.
13:45 of 3rd period - John Tavares wins face-off versus Cody Eakin in Blackhawks zone.
14:00 of 3rd period - Snap shot by John Tavares.
14:00 of 3rd period - Shot Misses the Net.
14:02 of 3rd period - Wrist shot by John Tavares.
14:02 of 3rd period - Goal by John Tavares - Blackhawks : 1 - Red Wings : 4.
14:03 of 3rd period - Yanni Gourde wins face-off versus Mark Scheifele in neutral zone.
14:06 of 3rd period - Snap shot by Kevin Hayes.
14:06 of 3rd period - Stopped by Marc-Andre Fleury without a rebound.
14:07 of 3rd period - Kevin Hayes wins face-off versus Mark Scheifele in Red Wings zone.
14:38 of 3rd period - Wrist shot by Jujhar Khaira.
14:38 of 3rd period - Stopped by Frederik Andersen with a rebound.
14:44 of 3rd period - Snap shot by Zach Aston-Reese.
14:44 of 3rd period - Stopped by Frederik Andersen with a rebound.
14:46 of 3rd period - Snap shot by Jujhar Khaira.
14:46 of 3rd period - Goal by Jujhar Khaira - Blackhawks : 1 - Red Wings : 5.
14:47 of 3rd period - Mark Scheifele wins face-off versus Mikael Backlund in neutral zone.
15:35 of 3rd period - Anton Stralman is hit by Yanni Gourde and loses puck.
15:46 of 3rd period - Jujhar Khaira is hit by Matt Benning and loses puck.
15:58 of 3rd period - Off-side.
15:59 of 3rd period - Mikael Backlund wins face-off versus Nico Sturm in neutral zone.
17:10 of 3rd period - Backhand shot by Tyler Benson.
17:10 of 3rd period - Shot Blocked by Anton Stralman.
17:12 of 3rd period - Slapshot by Carson Soucy.
17:12 of 3rd period - Stopped by Marc-Andre Fleury with a rebound.
17:14 of 3rd period - Slapshot by Carson Soucy.
17:14 of 3rd period - Stopped by Marc-Andre Fleury with a rebound.
17:16 of 3rd period - Slapshot by Carson Soucy.
17:16 of 3rd period - Stopped by Marc-Andre Fleury without a rebound.
17:17 of 3rd period - Yanni Gourde wins face-off versus Mark Scheifele in Red Wings zone.
17:18 of 3rd period - Snap shot by Mark Stone.
17:18 of 3rd period - Stopped by Marc-Andre Fleury without a rebound.
17:19 of 3rd period - Mikael Backlund wins face-off versus Mark Scheifele in Red Wings zone.
17:44 of 3rd period - Wrist shot by Yanni Gourde.
17:44 of 3rd period - Shot Misses the Net.
18:30 of 3rd period - Off-side.
18:31 of 3rd period - Mikael Backlund wins face-off versus Mark Scheifele in neutral zone.
18:58 of 3rd period - Mikael Backlund is hit by Zach Aston-Reese and loses puck.
19:07 of 3rd period - Snap shot by Noel Acciari.
19:07 of 3rd period - Shot Misses the Net.
19:09 of 3rd period - Slapshot by Jujhar Khaira.
19:09 of 3rd period - Stopped by Frederik Andersen without a rebound.
19:10 of 3rd period - Yanni Gourde wins face-off versus Mark Scheifele in Blackhawks zone.
19:10 of 3rd period - Yanni Gourde is hit by David Pastrnak.
19:54 of 3rd period - Matt Benning is hit by John Tavares and loses puck.
Goals for this period are 0 for Blackhawks vs 3 for Red Wings.
Shots for this period are 9 for Blackhawks vs 18 for Red Wings.